 Dungeon Crawl Stone Soup version 0.31-a0-542-gdc2a67831c (webtiles) character file.

Game seed: 790061920184206211

267 Ethylacetat the Sneak (level 6, -9/43 HPs)
             Began as an Octopode Gladiator on Aug 14, 2023.
             Mangled by an orc
             ... wielding a +0 morningstar
              (13 damage)
             ... on level 3 of the Dungeon.
             The game lasted 00:01:52 (1871 turns).

Ethylacetat the Sneak (Octopode Gladiator)          Turns: 1871, Time: 00:01:53

Health: -9/43      AC:  1    Str: 14    XL:     6   Next: 21%
Magic:  6/6        EV: 15    Int: 10    God:
Gold:   105        SH:  0    Dex: 15    Spells: 5/5 levels left

rFire   . . .        a - +0 rapier
rCold   . . .        (no shield)
rNeg    . . .        b - +0 hat
rPois   .            (no amulet)
rElec   .            (no ring)
rCorr   .            (no ring)
SInv    .            (no ring)
Will    .....        (no ring)
Stlth   ++++         (no ring)
HPRegen 0.27/turn    (no ring)
MPRegen 0.10/turn    (no ring)
                     (no ring)

%: no passive effects
@: no status effects
A: almost no armour, amphibious, 8 rings, camouflage 1, gelatinous body 1,
(nimble swimmer 1), tentacles
a: no special abilities


You were on level 3 of the Dungeon.
You visited 1 branch of the dungeon, and saw 3 of its levels.

You collected 105 gold pieces.

Inventory:

Hand Weapons
 a - a +0 rapier (weapon)
Missiles
 c - 3 throwing nets (quivered)
 d - a javelin
Armour
 b - a +0 hat (worn)
Wands
 m - a wand of iceblast (6)
Scrolls
 e - 2 scrolls of identify {unknown}
 f - 2 scrolls of teleportation {unknown}
 h - a scroll of revelation {unknown}
 k - a scroll of amnesia {unknown}
 l - a scroll of blinking {unknown}
Potions
 g - 4 potions of curing {unknown}
 i - 2 potions of lignification {unknown}
 j - 2 potions of degeneration {unknown}


   Skills:
 + Level 4.0 Fighting
 - Level 3.0 Short Blades
 - Level 2.0 Throwing
 + Level 4.5 Dodging
 + Level 4.6 Stealth


You had 5 spell levels left.
You didn't know any spells.
Your spell library was empty.

Dungeon Overview and Level Annotations

Branches:
Dungeon (3/15)

Altars:
The Shining One


Innate Abilities, Weirdness & Mutations

You cannot wear most types of armour.
You are amphibious.
You can wear up to eight rings at the same time.
Your skin changes colour to match your surroundings (Stealth+).
Your rubbery body absorbs attacks. (AC +1, EV +1)
((You are camouflaged when in or above water. (Stealth+)))
You have tentacles for arms and can constrict up to eight enemies at once.


Message History

* * * LOW HITPOINT WARNING * * *
The orc hits you with a +0 dagger.
* * * LOW HITPOINT WARNING * * *
The orc priest looks braver for a moment.
The orc closely misses you.
You closely miss the orc priest. You grab the orc priest.
You squeeze the orc priest.
You kill the orc priest!
The endoplasm barely misses you. The orc misses you. x2
Your Fighting skill increases to level 4!
The endoplasm hits you.
* * * LOW HITPOINT WARNING * * *
The orc attacks as you move away! The orc completely misses you.
You hit the endoplasm.
The endoplasm is almost dead.
The endoplasm hits you.
* * * LOW HITPOINT WARNING * * *
You hit the endoplasm.
You kill the endoplasm!
You hit the orc. Your grab misses the orc.
The orc is lightly wounded.
The orc misses you.
You barely miss the orc. Your grab misses the orc.
The orc is lightly wounded.
A bat comes into view.
The orc barely misses you.
The bat moves out of view.
You hit the orc. You grab the orc.
The orc is moderately wounded.
You constrict the orc. The orc closely misses you.
You hit the orc.
You kill the orc!
You closely miss the orc. Your grab misses the orc.
Your squeeze misses the orc. The orc completely misses you.
You hit the orc. Your grab misses the orc.
The orc is moderately wounded.
The orc misses you.
You hit the orc. Your grab misses the orc.
The orc is severely wounded.
The orc hits you with a +0 morningstar!
You die...

## #.. ..
.....# ..#
.#..# ....
....
..#.##..#
.........
........#####
.....#.bo@..#
......).###.#
...$...># #.#
###..##.# #.#
#. #.# #.# $.
..# #<# ##
#.# ### #.#
..#


You could see an orc and a bat.

Vanquished Creatures
  Sigmund (D:2)
  An orc priest (D:3)
  3 adders (D:2)
  3 dart slugs
  2 orcs (D:3)
  4 bats
  5 endoplasms
  4 giant cockroaches (D:1)
  4 goblins
  3 hobgoblins (D:1)
  3 kobolds
  3 quokkas
  3 ball pythons (D:1)
  A frilled lizard (D:2)
  2 rats (D:1)
42 creatures vanquished.

Notes
Turn   | Place    | Note
-------+----------+-------------------------------------------
     0 | D:1      | Ethylacetat the Octopode Gladiator began the quest for the
                  | Orb.
     0 | D:1      | Reached XP level 1. HP: 14/14 MP: 1/1
   167 | D:1      | Reached skill level 1 in Stealth
   170 | D:1      | Reached XP level 2. HP: 19/19 MP: 2/2
   391 | D:1      | Reached XP level 3. HP: 25/25 MP: 3/3
   897 | D:2      | Found a glowing golden altar of the Shining One.
  1139 | D:2      | Reached XP level 4. HP: 30/30 MP: 4/4
  1345 | D:2      | Noticed Sigmund
  1490 | D:2      | Killed Sigmund
  1491 | D:2      | Reached XP level 5. HP: 28/37 MP: 5/5
  1491 | D:2      | Reached XP level 6. HP: 33/43 MP: 6/6
  1863 | D:3      | HP: 2/43 [endoplasm (2)]
  1871 | D:3      | Mangled by an orc

Illustrated notes

Levels and vault maps discovered:
D:1:      ncdulo_smallfort, layout_loops_corners
D:2:      layout_basic, basic_altar, uniq_sigmund
D:3:      layout_basic, minmay_misc_feat_five

Skill      XL: |  1  2  3  4  5  6 |
---------------+-------------------+-----
Stealth        | 1 2 4 |  4.6
Fighting       | 3 4 |  4.0
Dodging        | 4 |  4.5
Short Blades   | |  3.0
Throwing       | |  2.0

Action                     |  1- 3 |  4- 6 || total
---------------------------+-------+-------++-------
  Melee: Rapier            |    48 |    35 ||    83
         Constrict         |    16 |     5 ||    21
         Tentacles         |    10 |     3 ||    13
   Stab: Sleeping          |    13 |     3 ||    16
 Armour: Skin              |     2 |     9 ||    11
  Dodge: Dodged            |    29 |    48 ||    77

Table legend: (Time is in decaauts)
 A = Elapsed time spent in this place.
 B = Non-inter-level travel time spent in this place.
 C = Inter-level travel time spent in this place.
 D = Time resting spent in this place.
 E = Time spent auto-exploring this place.
 F = Levels seen in this place.
 G = Mean time per level.
                   A        B        C        D        E       F      G
               +--------+--------+--------+--------+--------+-----+--------+
         Total |   1875 |   1796 |     79 |     87 |   1420 |   3 |  625.0 |
       Dungeon |   1875 |   1796 |     79 |     87 |   1420 |   3 |  625.0 |
               +--------+--------+--------+--------+--------+-----+--------+

Top non-repeatable levels by time:
     D:1: 988 daAuts
     D:2: 858 daAuts
     D:3: 28 daAuts
